 Dungeon Crawl Stone Soup version 0.29-a0-289-g2178c42546 (webtiles) character file.

Game seed: 6052145812598424759

129 Leszczynek the Chopper (level 5, 0/38 HPs)
             Began as a Human Gladiator on Mar 17, 2022.
             Was an Initiate of Ru.
             Slain by Pargi (3 damage)
             ... in a sewer.
             The game lasted 00:06:27 (761 turns).

Leszczynek the Chopper (Human Gladiator)             Turns: 761, Time: 00:06:27

Health: 0/38       AC:  7    Str: 17    XL:     5   Next: 35%
Magic:  5/5        EV: 11    Int:  8    God:    Ru [......]
Gold:   58         SH:  0    Dex: 14    Spells: 4/4 levels left

rFire   . . .      SeeInvis +   a - +0 war axe
rCold   . . .      Faith    .   (no shield)
rNeg    . . .      Spirit   .   f - +0 ring mail
rPois   .          Reflect  .   c - +0 helmet
rElec   .          Harm     .   k - +0 cloak
rCorr   .          Rampage  .   (no gloves)
Will    .....                   (no boots)
Stlth   +.........              (no amulet)
HPRegen 0.12/turn               o - ring of see invisible
MPRegen 0.09/turn               (no ring)

@: on berserk cooldown, flying, slowed, invisible, very slow
A: no striking features
a: Renounce Religion


You were in a sewer.
You worshipped Ru.
Ru was noncommittal.
You visited 1 branch of the dungeon, and saw 4 of its levels.
You also visited: Sewer.

You collected 58 gold pieces.

Inventory:

Hand Weapons
 a - a +0 war axe (weapon)
 b - a +0 hunting sling
Missiles
 d - 3 throwing nets (quivered)
 e - a javelin
 m - 6 poisoned darts
Armour
 c - a +0 helmet (worn)
 f - a +0 ring mail (worn)
 k - a +0 cloak (worn)
 l - a +0 leather armour
Jewellery
 n - an amulet of magic regeneration
 o - a ring of see invisible (left hand)
Scrolls
 h - a scroll of identify {unknown}
 j - 2 scrolls of holy word {unknown}


   Skills:
 - Level 2.0 Fighting
 + Level 5.6 Axes
 - Level 2.0 Throwing
 - Level 3.0 Dodging


You had 4 spell levels left.
You didn't know any spells.
Your spell library contained the following spells:

 Spells                   Type           Power      Damage    Failure   Level
 Ensorcelled Hibernation  Hex/Ice        0%         N/A       77%         2
 Passwall                 Tmut/Erth      0%         N/A       77%         2
 Swiftness                Air            0%         N/A       94%         3


Dungeon Overview and Level Annotations

Branches:
Dungeon (4/15)              Sewer (1/1)
 Temple: D:4-7

Altars:
Ru

Annotations:
Sewer Pargi


Message History

You feel very buoyant.
You fly up into the air.
Pargi closely misses you.
Pargi claws you but does no damage. x2; Pargi bites you.
Pargi claws you. Pargi claws you but does no damage.
It was a potion of invisibility.
You fade into invisibility!
Pargi bites you. Pargi closely misses you. Pargi claws you but does no damage.
You feel better. Pargi bites you. Pargi barely misses you. Pargi claws you.
Pargi closely misses you. Pargi misses you. Pargi barely misses you.
You barely miss Pargi.
Pargi is heavily wounded.
Pargi barely misses you. x2; Pargi claws you but does no damage.
Pargi misses you. Pargi claws you but does no damage. Pargi barely misses you.
You aren't carrying any items that you can evoke.
Unknown command.
You closely miss Pargi.
Pargi is heavily wounded.
Pargi bites you.
Pargi barely misses you. x2; Pargi bites you.
* * * LOW HITPOINT WARNING * * *
Pargi barely misses you. Pargi misses you.
You catch the helpless Pargi completely off-guard!
You hit Pargi.
Pargi is heavily wounded.
Unknown command.
Found a scale mail, a twisted gold wand and 42 gold pieces.
Pargi barely misses you. Pargi closely misses you. Pargi claws you.
* * * LOW HITPOINT WARNING * * *
Pargi bites you but does no damage. Pargi claws you.
* * * LOW HITPOINT WARNING * * *
Pargi claws you but does no damage. Pargi closely misses you. Pargi misses you.
Pargi closely misses you.
Pargi looks around nervously.
You slash Pargi!
Pargi is severely wounded.
Pargi barely misses you. Pargi claws you but does no damage.
Pargi barely misses you. Pargi bites you.
* * * LOW HITPOINT WARNING * * *
Pargi completely misses you. Pargi claws you.
You die...

#.# ##...≈...#
#.#######...≈≈≈...
#..........≈≈≈≈≈.∩
#.#######...≈≈≈††.
#.# ##...≈...# #.#
##.....## ###.###
####### ##.....##
#...@...#
#...T...#
#.......#
#.......#
#..$[$..#
##$$[/$## #######


You could see Pargi (can't see you).

Vanquished Creatures
  A phantom (D:4)
  An adder (D:3)
  2 worms (D:2)
  4 orcs
  A giant cockroach (D:1)
  4 hobgoblins
  3 kobolds
  2 quokkas (D:1)
  4 ball pythons
  8 bats
  A frilled lizard (D:1)
  2 goblins
  4 rats
37 creatures vanquished.

Vanquished Creatures (others)
  2 plants (D:1)
2 creatures vanquished.

Grand Total: 39 creatures vanquished

Notes
Turn   | Place    | Note
-------+----------+-------------------------------------------
     0 | D:1      | Leszczynek the Human Gladiator began the quest for the Orb.
     0 | D:1      | Reached XP level 1. HP: 16/16 MP: 1/1
   130 | D:1      | Reached XP level 2. HP: 17/22 MP: 2/2
   133 | D:1      | Found a faded altar of an unknown god.
   151 | D:1      | Prayed at the altar of an unknown god.
   151 | D:1      | Became a worshipper of Ru the Awakened
   340 | D:2      | Reached skill level 4 in Axes
   340 | D:2      | Reached XP level 3. HP: 27/27 MP: 3/3
   548 | D:4      | Noticed a phantom
   551 | D:4      | Found a glowing drain.
   562 | D:4      | Killed a phantom
   563 | D:4      | Reached skill level 5 in Axes
   563 | D:4      | Reached XP level 4. HP: 13/33 MP: 4/4
   563 | D:4      | Reached XP level 5. HP: 15/38 MP: 5/5
   701 | Sewer    | Entered a sewer
   730 | Sewer    | Noticed Pargi
   746 | Sewer    | HP: 11/57 [Pargi (1)]
   756 | Sewer    | HP: 5/38 [Pargi (3)]
   761 | Sewer    | HP: 3/38 [Pargi (2)]
   761 | Sewer    | Slain by Pargi

Illustrated notes

Levels and vault maps discovered:
D:1:      dpeg_arrival_concentric_ovals, layout_basic,
          ebering_ecumenical_altar_rust, serial_bayou_lake_a
D:2:      minmay_wonky_spiral, layout_loops_cross
D:3:      layout_basic, mainiacjoe_overflow_alcove_1,
          mainiacjoe_overflow_concentric_impassable
D:4:      layout_loops_cross, mainiacjoe_overflow_boulevard,
          ashenzari_conservatory_becter, cheibrodos_sewer_entry_drain,
          uniq_duvessa, uniq_eustachio, uniq_sigmund
Sewer:    sewer_big_baddie

Skill      XL: |  1  2  3 |
---------------+----------+-----
Axes           | 4 5 |  5.6
Fighting       | |  2.0
Throwing       | |  2.0
Dodging        | |  3.0

Action                   |  1- 3 |  4- 6 || total
-------------------------+-------+-------++-------
Melee: War axe           |    79 |    42 ||   121
 Fire: Hunting sling     |       |     4 ||     4
Throw: Throwing net      |       |     3 ||     3
Invok: Reject Sacrifices |     1 |       ||     1
  Use: Potion            |       |     6 ||     6
 Stab: Invisible         |       |     1 ||     1
Armor: Ring mail         |    35 |    51 ||    86
Dodge: Dodged            |    47 |    66 ||   113

Table legend: (Time is in decaauts)
 A = Elapsed time spent in this place.
 B = Non-inter-level travel time spent in this place.
 C = Inter-level travel time spent in this place.
 D = Time resting spent in this place.
 E = Time spent auto-exploring this place.
 F = Levels seen in this place.
 G = Mean time per level.
                   A        B        C        D        E       F      G
               +--------+--------+--------+--------+--------+-----+--------+
         Total |    800 |    755 |     45 |      0 |      0 |   5 |  160.0 |
       Dungeon |    733 |    688 |     45 |      0 |      0 |   4 |  183.2 |
         Sewer |     67 |     67 |      0 |      0 |      0 |   1 |   67.0 |
               +--------+--------+--------+--------+--------+-----+--------+

Top non-repeatable levels by time:
     D:1: 290 daAuts
     D:2: 239 daAuts
     D:3: 119 daAuts
     D:4: 84 daAuts
   Sewer: 67 daAuts
